 Dungeon Crawl Stone Soup version 0.24-a0-217-g1152973 (webtiles) character file.

Game seed: 7605152625407564758

39 Azzok the Insei (level 3, -4/23 HPs)
             Began as an Octopode Transmuter on Mar 29, 2019.
             Slain by a gnoll
             ... wielding a +0 halberd
              (16 damage)
             ... on level 2 of the Dungeon.
             The game lasted 00:01:57 (1857 turns).

Azzok the Insei (Octopode Transmuter)               Turns: 1857, Time: 00:01:59

Health: -4/23      AC:  1    Str: 13    XL:     3   Next: 45%
Magic:  6/6        EV: 13    Int: 16    God:
Gold:   134        SH:  0    Dex: 12    Spells: 5/6 levels left

rFire    . . .     SeeInvis .   e - +4 whip
rCold    . . .     Gourm    .   (no shield)
rNeg     . . .     Faith    .   (helmet restricted)
rPois    .         Spirit   .   (no amulet)
rElec    .         Reflect  .   j - +4 ring of strength
rCorr    .         Harm     .   (no ring)
MR       .....                  (no ring)
Stlth    ++........             (no ring)
HPRegen  0.07/turn              (no ring)
MPRegen  0.10/turn              (no ring)
                                (no ring)
                                (no ring)

@: no status effects
A: almost no armour, stealthy swim, amphibious, 8 rings, constrict 8, camouflage
1, gelatinous body 1
a: no special abilities


You were on level 2 of the Dungeon.
You were not hungry.

You visited 1 branch of the dungeon, and saw 2 of its levels.

You collected 134 gold pieces.

Inventory:

Hand Weapons
 e - a +4 whip (weapon)
Missiles
 a - 30 arrows
Jewellery
 j - a +4 ring of strength (left tentacle)
Wands
 k - a wand of paralysis (5)
Scrolls
 d - a scroll of fear {unknown}
 g - 2 scrolls of identify {unknown}
Potions
 b - a potion of invisibility {unknown}
 f - a potion of lignification {unknown}
 h - a potion of haste {unknown}
Comestibles
 c - 3 rations
 i - 2 chunks of flesh


   Skills:
 - Level 1.0 Fighting
 - Level 2.0 Dodging
 + Level 3.7 Unarmed Combat
 - Level 2.0 Spellcasting
 + Level 3.0 Transmutations


You had 5 spell levels left.
You knew the following spells:

 Your Spells              Type           Power        Failure   Level  Hunger
a - Beastly Appendage     Tmut           ##....       6%          1    #......

Your spell library contained the following spells:

 Spells                   Type           Power        Failure   Level  Hunger
 Sticks to Snakes         Tmut           ##......     9%          2    ###....
 Spider Form              Tmut/Pois      #.........   32%         3    ###....
 Ice Form                 Ice/Tmut       #.......     73%         4    #####..
 Blade Hands              Tmut           ##........   86%         5    ######.


Dungeon Overview and Level Annotations

Branches:
Dungeon (2/15)

Altars:


Innate Abilities, Weirdness & Mutations

You cannot wear most types of armour.
You are very stealthy in the water. (Stealth+)
You are amphibious.
You can wear up to eight rings at the same time.
You can use your tentacles to constrict eight enemies at once.
Your skin changes colour to match your surroundings (Stealth+).
Your rubbery body absorbs attacks. (AC +1, EV +1)


Message History

Some of the chunks of flesh in your inventory have rotted away.
You open the door. 2 gnolls come into view.
There are monsters nearby!
The gnoll shouts!
A gnoll is nearby!
A gnoll comes into view. It is wielding a +0 club.
The gnoll hits you but does no damage.
You closely miss the gnoll.
The gnoll shouts!
You grab the gnoll.
You constrict the gnoll, but do no damage.
The gnoll hits you with a cursed -1 club.
You hit the gnoll but do no damage. You constrict the gnoll.
The gnoll closely misses you.
The gnoll hits you with a cursed -1 club!
You release your grip on the gnoll.
The gnoll hits you from afar with a +0 halberd!
Ouch! That really hurt!
You die...

··▒ ▒▒▒▒▒▒▒···▒ ▒·▒ ▒·▒
▒···g·g···▒ ▒▒▒▒'▒▒▒ ▒·▒
▒g▒▒▒▒▒···▒ ▒······· ▒·▒ ▒·▒···▒
▒▒▒ ▒······· ▒·▒ ▒·▒▒··▒
▒▒▒▒▒▒▒▒▒ ▒······· ▒·▒ ▒·▒▒··▒
·····[··▒ ▒·······
▒·▒▒▒▒▒▒·▒▒··▒▒▒▒▒▒▒▒▒·▒▒▒▒▒▒÷▒▒·
··············gg···g··········÷··
▒▒········▒·▒▒▒·@▒▒▒▒▒·▒▒▒▒▒▒)·▒·
·······▒▒·▒·▒ ▒··▒ ▒·▒····▒··▒·
▒▒·▒····▒·▒·▒ ▒··▒ ▒·▒·····▒·▒·
▒····▒·▒·▒·▒ ▒··▒ ▒·▒····▒▒·▒·
▒▒▒▒··▒···▒·▒ ▒··▒ ▒·▒▒··▒▒··▒·
······▒···▒·▒ ▒··▒ ▒·▒▒·▒▒▒▒▒▒·
▒▒▒▒▒·····▒·▒ ▒··▒ ▒·▒▒·▒·)▒▒·▒
············▒▒▒··▒▒▒▒▒·▒▒·▒·▒▒·▒▒
▒▒▒▒▒▒▒▒······)········▒▒·▒·▒·▒▒


You could see 3 gnolls.

Vanquished Creatures
  A dart slug (D:1)
  2 leopard geckos (D:1)
  A giant cockroach (D:1)
  5 hobgoblins
  3 jackals (D:2)
  6 kobolds
  5 bats
  3 frilled lizards
  9 rats
35 creatures vanquished.

Notes
Turn   | Place    | Note
-------+----------+-------------------------------------------
     0 | D:1      | Azzok the Octopode Transmuter began the quest for the Orb.
     0 | D:1      | Reached XP level 1. HP: 13/13 MP: 3/3
   286 | D:1      | Reached XP level 2. HP: 18/18 MP: 5/5
   796 | D:1      | Reached XP level 3. HP: 16/23 MP: 6/6
  1857 | D:2      | Slain by a gnoll

Levels and vault maps discovered:
D:1:      lightli_arrival_isolated_outpost, layout_loops_cross,
          grunt_decor_arrowhead
D:2:      kennysheep_big_flooded_room, layout_basic, first_ration,
          minmay_cut_off

Skill      XL: |  1  2  3 |
---------------+----------+-----
Transmutations | 3 |  3.0
Fighting       | |  1.0
Dodging        | |  2.0
Unarmed Combat | |  3.7
Spellcasting   | |  2.0

Action                   || total
-------------------------++-------
Melee: Unarmed           ||    41
       Constrict         ||    17
       Tentacles         ||     3
       Kick              ||     2
       Whip              ||    32
       Punch             ||     1
 Cast: Beastly Appendage ||     3
 Stab: Sleeping          ||     3
  Eat: Chunk             ||     3
Armor: Skin              ||    15
Dodge: Dodged            ||    64

Table legend:
 A = Non-vault XP
 B = Vault XP
 C = Vault XP percentage of total XP
 D = Non-vault monster count
 E = Vault monster count
 F = Vault count percentage of total count
                 A         B        C        D         E       F
            +---------+---------+-------+---------+---------+-------
      Total |      53 |       3 |   5.4 |      33 |       2 |   5.7
            +---------+---------+-------+---------+---------+-------
        D:1 |      40 |       0 |   0.0 |      25 |       0 |   0.0
        D:2 |      13 |       3 |  18.8 |       8 |       2 |  20.0
            +---------+---------+-------+---------+---------+-------
